 Dungeon Crawl Stone Soup version 0.30-a0-782-ge64f9170bb (webtiles) character file.

Game seed: 6573391527028238248

494 Leeroy the Changer (level 7, -4/43 HPs)
             Began as an Octopode Transmuter on Mar 4, 2023.
             Was an Initiate of Wu Jian.
             Slain by an unseen horror (8 damage)
             ... on level 5 of the Dungeon.
             The game lasted 00:05:28 (4046 turns).

Leeroy the Changer (Octopode Transmuter)            Turns: 4046, Time: 00:05:28

Health: -4/43      AC:  2    Str: 15    XL:     7   Next: 15%
Magic:  19/22      EV: 19    Int: 17    God:    Wu Jian [......]
Gold:   223        SH:  0    Dex: 18    Spells: 2/10 levels left

rFire   . . .      SeeInvis .      - Unarmed
rCold   . . .      Faith    +    (shield currently unavailable)
rNeg    . . .      Spirit   .    (helmet currently unavailable)
rPois   x          Reflect  .    s
                                   - Hermit's Pendant {Faith Invo=14 Evo=0 MP+5}
rElec   .          Harm     .    u - +6 ring of strength
rCorr   .          Rampage  .    (no ring)
Will    .....                    (no ring)
Stlth   ++                       (no ring)
HPRegen 0.27/turn                (no ring)
MPRegen 0.18/turn                (no ring)
                                 (no ring)
                                 (no ring)

@: spider-form (expiring)
A: venomous fangs, almost no armour, (amphibious), 8 rings, tiny, (camouflage
1), (gelatinous body 1), (nimble swimmer 1), (tentacles)
a: End Transformation, Renounce Religion


You were on level 5 of the Dungeon.
You worshipped Wu Jian.
Wu Jian was noncommittal.
You were a venomous arachnid creature.
You visited 2 branches of the dungeon, and saw 6 of its levels.

You collected 223 gold pieces.

Inventory:

Hand Weapons
 q - a +0 whip of electrocution
Missiles
 n - 2 throwing nets
Jewellery
 b - an amulet of guardian spirit
 s - the Hermit's Pendant (around neck) {Faith Invo=14 Evo=0 MP+5}
   (You found it on level 3 of the Dungeon)

   [amulet of faith]

   Invo=14: It sets your Invocations skill to 14.
   Evo=0: It sets your Evocations skill to 0.
   It allows you to gain divine favour quickly.
   MP:        It affects your magic capacity (+5).
 u - a +6 ring of strength (left front pincers)
Scrolls
 c - 2 scrolls of blinking {unknown}
 d - a scroll of fear {unknown}
 e - a scroll of silence {unknown}
 f - a scroll of enchant weapon {unknown}
 g - a scroll of enchant armour {unknown}
 h - 3 scrolls of identify {unknown}
 l - 2 scrolls of poison {unknown}
 m - a scroll of teleportation {unknown}
 o - 5 scrolls of noise {unknown}
 p - a scroll of immolation {unknown}
 t - a scroll of magic mapping {unknown}
 w - a scroll of amnesia {unknown}
Potions
 a - 2 potions of lignification
 i - a potion of flight {unknown}
 j - 3 potions of curing {unknown}
 k - a potion of brilliance {unknown}
 r - a potion of degeneration {unknown}
 v - a potion of invisibility {unknown}


   Skills:
 - Level 1.0 Fighting
 - Level 2.0 Dodging
 - Level 3.0 Stealth
 - Level 3.4 Unarmed Combat
 - Level 2.0 Spellcasting
 + Level 7.0 Transmutations


You had 2 spell levels left.
You knew the following spells:

 Your Spells              Type           Power      Damage    Failure   Level
a - Beastly Appendage     Tmut           50%        N/A       5%          1
b - Spider Form           Tmut/Pois      13%        N/A       32%         3
c - Ice Form              Ice/Tmut       13%        N/A       63%         4

Your spell library contained the following spells:

 Spells                   Type           Power      Damage    Failure   Level
 Wereblood                Tmut           25%        N/A       7%          2
 Slow                     Hex            4%         N/A       38%         1
 Ignite Poison            Fire/Tmut/Pois 9%         N/A       43%         3
 Confusing Touch          Hex            1%         N/A       71%         3
 Vampiric Draining        Necr           1%         2d6       71%         3
 Sticky Flame             Conj/Fire      1%         2d3       96%         4
 Ignition                 Fire           0%         3d3       100%        8


Dungeon Overview and Level Annotations

Branches:
Dungeon (5/15)             Temple (1/1) D:4

Altars:
Ashenzari
Cheibriados
Dithmenos
Elyvilon
Fedhas
Gozag
Okawaru
Qazlal
Ru
Sif Muna
Wu Jian
Xom
Yredelemnul

Shops:
D:4 :

Annotations:
D:3 2 runed translucent doors, Flugkiller's ghost, weakling DECK


Innate Abilities, Weirdness & Mutations

You are a venomous arachnid creature.
You have venomous fangs.
You are tiny and dextrous.
Your spellcasting is less reliable in this form.
Your armour is entirely melded.
You are incapable of wielding weapons or throwing items.
You cannot wear most types of armour.
((You are amphibious.))
You can wear up to eight rings at the same time.
((Your skin changes colour to match your surroundings (Stealth+).))
((Your rubbery body absorbs attacks. (AC +1, EV +1)))
((You are camouflaged when in or above water. (Stealth+)))
((You have tentacles for arms and can constrict up to eight enemies at once.))


Message History

The shadow imp is lightly wounded.
The shadow imp hits you.
You hit the shadow imp.
The shadow imp is heavily wounded.
The shadow imp misses you.
You hit the shadow imp but do no damage.
The shadow imp is heavily wounded.
The shadow imp hits you but does no damage.
You hit the shadow imp but do no damage.
The shadow imp is poisoned.
The shadow imp is heavily wounded.
The shadow imp completely misses you.
You bite the shadow imp!
You kill the shadow imp!
The Council accepts your kill.
Your Transmutations skill increases to level 7!
Your transformation is almost over.
Your magical contamination has completely faded away.
Your transformation has ended.
Magic restored.
HP restored.
You see here a hound corpse.
You open the door.
There is an open door here.
Something hits you!
Deactivating autopickup; reactivate with Ctrl-A.
Something hits you! Something barely misses you.
Casting: Spider Form (dangerous; 14% risk of failure)
Confirm with . or Enter, or press ? or * to list all spells.
You turn into a venomous arachnid creature.
Something hits you. Something hits you! Something hits you.
* * * LOW HITPOINT WARNING * * *
There is a strange disturbance nearby!
Okay, then.
You closely miss something. Something hits you.
* * * LOW HITPOINT WARNING * * *
Something closely misses you.
Your transformation is almost over.
Something hits you!
You die...

#. ### #. #.#
#.#####.#
#..s....#
#########.####.#
#.......#.# #.#
#.......#.####.#
#####
#.......+......#
....#
#.......#.####.#
....# #.......#.#
#.# ....#
#.......#.# #.#
....###.......#.#
#.#


There were no monsters in sight!

Vanquished Creatures
  A black bear (D:3)
  An ogre (D:4)
  3 hounds
  An iguana (D:4)
  An orc wizard (D:3)
  3 adders
  4 gnolls
  A shadow imp (D:5)
  3 worms (D:2)
  3 dart slugs
  4 orcs
  7 endoplasms
  3 giant cockroaches
  5 goblins
  11 hobgoblins
  6 jackals
  10 kobolds
  2 quokkas
  6 ball pythons
  4 bats
  3 frilled lizards
  4 rats
86 creatures vanquished.

Vanquished Creatures (others)
  5 plants (D:1)
5 creatures vanquished.

Grand Total: 91 creatures vanquished

Notes
Turn   | Place    | Note
-------+----------+-------------------------------------------
     0 | D:1      | Leeroy the Octopode Transmuter began the quest for the Orb.
     0 | D:1      | Reached XP level 1. HP: 13/13 MP: 3/3
   126 | D:1      | Reached XP level 2. HP: 17/18 MP: 5/5
   130 | D:1      | Reached skill level 1 in Stealth
   299 | D:1      | Reached XP level 3. HP: 23/23 MP: 6/6
   345 | D:1      | HP: 1/23 [jackal (2)]
   785 | D:2      | Reached skill level 3 in Transmutations
   803 | D:2      | Reached XP level 4. HP: 24/28 MP: 5/7
   836 | D:2      | Learned a level 3 spell: Spider Form
  1217 | D:2      | Reached skill level 4 in Transmutations
  1224 | D:2      | Reached XP level 5. HP: 33/33 MP: 8/8
  1699 | D:3      | Noticed a black bear
  1710 | D:3      | Killed a black bear
  1711 | D:3      | Reached skill level 5 in Transmutations
  1713 | D:3      | Reached XP level 6. HP: 30/38 MP: 4/9
  1802 | D:3      | Learned a level 4 spell: Ice Form
  1827 | D:3      | Found a runed translucent door.
  1829 | D:3      | Noticed Flugkiller's ghost (weakling DECK)
  2018 | D:3      | Found the Hermit's Pendant {Faith Invo=14 Evo=0 MP+5}
  2113 | D:3      | Found a runed translucent door.
  2888 | D:4      | Found an ornate altar of the Wu Jian Council.
  2888 | D:4      | Found a shadowy altar of Dithmenos.
  2893 | D:4      | Became a worshipper of the Wu Jian Council
  2911 | D:4      | Reached skill level 6 in Transmutations
  3079 | D:4      | Found a staircase to the Ecumenical Temple.
  3217 | D:4      | Found Dygemit's Book Emporium.
  3231 | Temple   | Entered the Ecumenical Temple
  3576 | D:4      | Reached XP level 7. HP: 31/43 MP: 17/17
  3829 | D:5      | Entered Level 5 of the Dungeon
  3907 | D:5      | Reached skill level 7 in Transmutations
  4046 | D:5      | Slain by an unseen horror

Illustrated notes

Levels and vault maps discovered:
D:1:      minmay_arrival_doors, layout_rooms, nicolae_grassy_gnolls
D:2:      layout_basic, nicolae_figureground_sparkle
D:3:      layout_basic, ebering_ghost_sewer_f, minivault_5
D:4:      layout_basic, nicolae_overflow_two_pavilions,
          minmay_temple_entry_trees, serial_shops, shop
D:5:      dreamdust_elfheim, layout_basic, mainiacjoe_overflow_boulevard,
          worldfamousw_hep_ancestral_shrine
Temple:   nicolae_temple_bog_church

Skill      XL: |  1  2  3  4  5  6  7 |
---------------+----------------------+-----
Stealth        | 3 |  3.0
Transmutations | 3 4 5 6 7 |  7.0
Fighting       | |  1.0
Dodging        | |  2.0
Unarmed Combat | |  3.4
Spellcasting   | |  2.0

Action                     |  1- 3 |  4- 6 |  7- 9 || total
---------------------------+-------+-------+-------++-------
  Melee: Unarmed           |    92 |   128 |    10 ||   230
         Tentacles         |    22 |    23 |       ||    45
         Constrict         |    24 |    21 |       ||    45
         Punch             |     5 |     3 |       ||     8
         Kick              |       |     1 |       ||     1
   Cast: Beastly Appendage |       |     2 |       ||     2
         Spider Form       |       |     3 |     2 ||     5
Ability: Lunge             |       |     2 |       ||     2
   Stab: Sleeping          |     5 |     5 |       ||    10
 Armour: Skin              |     8 |     8 |     2 ||    18
  Dodge: Dodged            |    62 |    78 |    12 ||   152

Table legend: (Time is in decaauts)
 A = Elapsed time spent in this place.
 B = Non-inter-level travel time spent in this place.
 C = Inter-level travel time spent in this place.
 D = Time resting spent in this place.
 E = Time spent auto-exploring this place.
 F = Levels seen in this place.
 G = Mean time per level.
                   A        B        C        D        E       F      G
               +--------+--------+--------+--------+--------+-----+--------+
         Total |   4031 |   3977 |     54 |    164 |   3146 |   6 |  671.8 |
       Dungeon |   3900 |   3853 |     47 |    164 |   3033 |   5 |  780.0 |
        Temple |    130 |    123 |      7 |      0 |    113 |   1 |  130.0 |
               +--------+--------+--------+--------+--------+-----+--------+

Top non-repeatable levels by time:
     D:3: 1042 daAuts
     D:4: 1024 daAuts
     D:2: 936 daAuts
     D:1: 680 daAuts
     D:5: 216 daAuts
  Temple: 130 daAuts
